 Dungeon Crawl Stone Soup version 0.30.1 (webtiles) character file.

Game seed: 2175797963859873015

79 Arctor the Insei (level 4, -3/29 HPs)
             Began as an Octopode Transmuter on July 9, 2023.
             Slain by Crazy Yiuf
             ... wielding a +4 quarterstaff of chaos
              (15 damage)
             ... on level 2 of the Dungeon.
             The game lasted 00:01:15 (2205 turns).

Arctor the Insei (Octopode Transmuter)              Turns: 2205, Time: 00:01:15

Health: -3/29      AC:  1    Str:  9    XL:     4   Next: 37%
Magic:  6/7        EV: 13    Int: 17    God:
Gold:   114        SH:  0    Dex: 12    Spells: 7/8 levels left

rFire   . .          .
                       - Unarmed
rCold   . . .        (no shield)
rNeg    . . .        (helmet currently unavailable)
rPois   .            e - amulet of faith
rElec   .            (no ring)
rCorr   .            (no ring)
SInv    .            (no ring)
Will    .....        (no ring)
Stlth   ++           (no ring)
HPRegen 0.24/turn    (no ring)
MPRegen 0.10/turn    (no ring)
                     (no ring)

%: faith
@: appendages, hasted, very quick
A: tentacle spike 3, almost no armour, amphibious, 8 rings, camouflage 1,
gelatinous body 1, (nimble swimmer 1), tentacles
a: End Transformation


You were on level 2 of the Dungeon.
One of your tentacles had grown a beastly spike.
You visited 1 branch of the dungeon, and saw 2 of its levels.

You collected 114 gold pieces.

Inventory:

Jewellery
 e - an amulet of faith (around mantle)
Scrolls
 d - 2 scrolls of magic mapping {unknown}
 g - a scroll of noise {unknown}
 i - a scroll of vulnerability {unknown}
 j - 2 scrolls of identify {unknown}
 k - a scroll of immolation {unknown}
 l - 2 scrolls of blinking {unknown}
 m - a scroll of summoning {unknown}
 n - a scroll of fear {unknown}
Potions
 a - a potion of lignification
 b - a potion of degeneration {unknown}
 c - a potion of mutation {unknown}
 f - a potion of heal wounds {unknown}
 h - a potion of brilliance {unknown}
 o - 2 potions of curing {unknown}


   Skills:
 + Level 2.0 Fighting
 + Level 2.6 Dodging
 + Level 3.5 Unarmed Combat
 + Level 2.5 Spellcasting
 + Level 2.6 Transmutations


You had 7 spell levels left.
You knew the following spells:

 Your Spells              Type           Power      Damage    Failure   Level
a - Beastly Appendage     Tmut           22%        N/A       6%          1

Your spell library contained the following spells:

 Spells                   Type           Power      Damage    Failure   Level
 Wereblood                Tmut           11%        N/A       10%         2
 Spider Form              Tmut/Pois      6%         N/A       32%         3
 Ice Form                 Ice/Tmut       6%         N/A       71%         4


Dungeon Overview and Level Annotations

Branches:
Dungeon (2/15)

Altars:

Annotations:
D:2 Crazy Yiuf


Innate Abilities, Weirdness & Mutations

One of your tentacles has grown a beastly spike.
You cannot wear most types of armour.
You are amphibious.
You can wear up to eight rings at the same time.
Your skin changes colour to match your surroundings (Stealth+).
Your rubbery body absorbs attacks. (AC +1, EV +1)
((You are camouflaged when in or above water. (Stealth+)))
You have tentacles for arms and can constrict up to eight enemies at once.


Message History

No target in view!
One of your tentacles grows a vicious spike.
No target in view!
No target in view!
Your transformation is almost over.
Your tentacle spike disappears.
There is a stone staircase leading down here.
Found a stone staircase leading up.
Found a cloak.
No target in view!
You see here a +0 dagger.
There is an open door here.
Could not explore, unopened runed door.
No reachable target in view!
One of your tentacles grows a vicious spike.
No reachable target in view!
No reachable target in view!
Crazy Yiuf shouts!
You extend your transformation's duration.
Crazy Yiuf yells, "Pitchfork koolooloo meccalolo!"
No reachable target in view!
No reachable target in view!
No reachable target in view!
Unknown command.
You open the door.
Crazy Yiuf drinks a potion.
Crazy Yiuf seems to grow stronger.
Crazy Yiuf yells, "Rifle aubergine sanguine!"
Crazy Yiuf closely misses you.
There is an open translucent door here.
You tentacle-slap Crazy Yiuf but do no damage.
You grab Crazy Yiuf. You constrict Crazy Yiuf.
Crazy Yiuf hits you with a +4 quarterstaff of chaos!!
Ouch! That really hurt!
You feel yourself speed up.
You completely miss Crazy Yiuf.
Crazy Yiuf is lightly wounded.
You constrict Crazy Yiuf.
Crazy Yiuf hits you with a +4 quarterstaff of chaos!
Ouch! That really hurt!
You die...

####...#.#.#.# #.########+##.####
###.#.#.#.###..........##.####
#.#.#.#............†....#...
#....################..##...
###..# ##.##... #..# #.##... #.##
#### #####.##... #..# #)..###
##.#...##... ####
#..g@.####......##... ########.#
#...##..#......'##... .........#
#### ###.#..#...).... .......#.##
#######....... ..####.#..#
#....... ..# #....#
############.......
..####....#####.#..#.............
..##......'.....#..#........#####
..##.#....#######..#.......##


You could see Crazy Yiuf (strong).

Vanquished Creatures
  3 adders (D:2)
  A worm (D:2)
  3 dart slugs
  7 bats (D:2)
  4 endoplasms
  A giant cockroach (D:2)
  2 goblins
  A hobgoblin (D:2)
  6 jackals
  2 quokkas
  2 ball pythons (D:2)
  5 frilled lizards
  3 kobolds
  4 rats
44 creatures vanquished.

Notes
Turn   | Place    | Note
-------+----------+-------------------------------------------
     0 | D:1      | Arctor the Octopode Transmuter began the quest for the Orb.
     0 | D:1      | Reached XP level 1. HP: 13/13 MP: 3/3
   470 | D:1      | Reached XP level 2. HP: 18/18 MP: 3/5
  1025 | D:2      | Reached XP level 3. HP: 23/23 MP: 4/6
  1052 | D:2      | Found a runed translucent door.
  1053 | D:2      | Noticed Crazy Yiuf
  1241 | D:2      | Found a faded altar of an unknown god.
  1493 | D:2      | Reached XP level 4. HP: 27/29 MP: 5/7
  2205 | D:2      | Slain by Crazy Yiuf

Illustrated notes

Levels and vault maps discovered:
D:1:      dpeg_arrival_three_same_balls, layout_basic, columned_hall_lemuel
D:2:      layout_basic, shapermc_ecumenical_altar_mp_urbaneastern,
          minmay_tromino_i4, uniq_crazy_yiuf_cottage

Skill      XL: |  1  2  3  4 |
---------------+-------------+-----
Fighting       | 2 |  2.0
Dodging        | |  2.6
Unarmed Combat | |  3.5
Spellcasting   | |  2.5
Transmutations | |  2.6

Action                     |  1- 3 |  4- 6 || total
---------------------------+-------+-------++-------
  Melee: Unarmed           |    67 |    29 ||    96
         Constrict         |    21 |     7 ||    28
         Tentacles         |    12 |     5 ||    17
         Kick              |    18 |     8 ||    26
         Punch             |     1 |       ||     1
   Cast: Beastly Appendage |    26 |    15 ||    41
   Stab: Sleeping          |     5 |     1 ||     6
 Armour: Skin              |     8 |     4 ||    12
  Dodge: Dodged            |    49 |    23 ||    72
